 Dungeon Crawl Stone Soup version 0.21.1-1-g345015f (webtiles) character file.

123 zishaf the Magician (level 5, -3/35 HPs)
             Began as a Human Wizard on May 6, 2018.
             Slain by Shittyoctopus's ghost (11 damage)
             ... on level 3 of the Dungeon.
             The game lasted 00:12:25 (2317 turns).

zishaf the Magician (Human Wizard)                  Turns: 2317, Time: 00:12:25

Health: -3/35      AC:  5    Str:  7    XL:     5   Next: 28%
Magic:  1/11       EV: 12    Int: 19    God:
Gold:   159        SH:  3    Dex: 12    Spells: 4/12 levels left

rFire    + . .     SeeInvis .   j - +3 dagger (elec)
rCold    + . .     Gourm    .   n - +0 buckler
rNeg     . . .     Faith    .   a - +0 robe
rPois    +         Spirit   .   f - +1 helmet
rElec    +         Reflect  .   (no cloak)
rCorr    +         Harm     .   (no gloves)
MR       .....                  o - +0 pair of boots
Stlth    ++........             (no amulet)
HPRegen  0.11/turn              (no ring)
MPRegen  0.12/turn              (no ring)

@: resistant, very slightly contaminated
A: no striking features
a: no special abilities


You were on level 3 of the Dungeon.
You were hungry.

You visited 1 branch of the dungeon, and saw 3 of its levels.

You collected 159 gold pieces.

Inventory:

Hand Weapons
 j - a +3 dagger of electrocution (weapon)
Armour
 a - a +0 robe (worn)
 b - a +0 hat
 f - a +1 helmet (worn)
 n - a +0 buckler (worn)
 o - a +0 pair of boots (worn)
Scrolls
 h - 3 scrolls of identify {unknown}
 i - a scroll of teleportation {unknown}
 m - a scroll of enchant armour {unknown}
 t - a scroll of amnesia {unknown}
Potions
 g - 3 potions of magic
 k - 2 potions of flight {unknown}
 l - 3 potions of ambrosia {unknown}
 p - a potion of heal wounds {unknown}
 q - a potion of cancellation {unknown}
Books
 c - a book of Minor Magic

   Spells                             Type                      Level
   a - Magic Dart                     Conjuration                  1
   b - Blink                          Translocation                2
   c - Call Imp                       Summoning                    2
   d - Slow                           Hexes                        2
   e - Conjure Flame                  Conjuration/Fire             3
   f - Mephitic Cloud                 Conjuration/Poison/Air       3
 r - a book of Cantrips

   Spells                             Type                      Level
   a - Confusing Touch                Hexes                        1
   b - Animate Skeleton               Necromancy                   1
   c - Summon Small Mammal            Summoning                    1
   d - Apportation                    Translocation                1
Comestibles
 d - 2 rations
 s - 3 chunks of flesh


   Skills:
 + Level 2.9 Dodging
 + Level 3.1 Stealth
 * Level 4.1 Spellcasting
 + Level 1.5 Conjurations
 - Level 1.0 Summonings
 - Level 1.0 Translocations


You had 4 spell levels left.
You knew the following spells:

 Your Spells              Type           Power        Failure   Level  Hunger
a - Magic Dart            Conj           #...         12%         1    None
b - Blink                 Tloc           N/A          22%         2    ##.....
c - Call Imp              Summ           #.......     22%         2    ##.....
d - Mephitic Cloud        Conj/Pois/Air  #.......     50%         3    ###....


Dungeon Overview and Level Annotations

Branches:
Dungeon (3/15)

Altars:

Annotations:
D:3 Shittyoctopus's ghost, amateur BaGl


Message History

Confirm with . or Enter, or press ? or * to list all spells.
Aiming: Magic Dart
Press: ? - help, Shift-Dir - straight line, f/p - Shittyoctopus's ghost
Aim: Shittyoctopus's ghost (moderately damaged)
The magic dart hits Shittyoctopus's ghost.
Shittyoctopus's ghost is moderately damaged.
The goblin unwields an uncursed hunting sling.
The goblin hits you but does no damage. Shittyoctopus's ghost hits you!
* * * LOW HITPOINT WARNING * * *
Your crimson imp barely misses the goblin.
The goblin wields an uncursed hunting sling.
The goblin shoots a stone.
The stone hits you but does no damage.
You see here a stone.
The goblin unwields an uncursed hunting sling.
The goblin hits your crimson imp.
Your crimson imp barely misses Shittyoctopus's ghost.
It was a potion of resistance.
You feel protected. Shittyoctopus's ghost hits you!
You die...

#########....(..(...##
.....................#
.......[..........#..#
#.#######(#.##.##.#..#
.........(..##.##.#..#######
..(...###..........5.......^
#............#.##.#.(#######
#$###.###...#...#g#..# #.#
#.# #......[@W5..# #g# #.#
##.##...####.# .?# #.#
#.###.## #.# ..# #.# #.#
#.#####.##### ### #.#
#.###.).........#
#....>#####.###.# #####.#
#.###.# ..# #.....# ##.#
#.##..#


You could see Shittyoctopus's ghost, a goblin and a friendly crimson imp.

Vanquished Creatures
  A scorpion (D:3)
  2 adders (D:2)
  2 oozes (D:2)
  A worm (D:2)
  A dart slug (D:2)
  2 leopard geckos (D:1)
  An orc (D:3)
  2 giant cockroaches
  8 goblins
  4 hobgoblins (D:1)
  7 jackals (D:2)
  6 kobolds
  A quokka (D:2)
  4 bats
  4 frilled lizards
  3 rats
49 creatures vanquished.

Vanquished Creatures (collateral kills)
  A ball python (D:3)
1 creature vanquished.

Grand Total: 50 creatures vanquished

Notes
Turn   | Place    | Note
-------+----------+-------------------------------------------
     0 | D:1      | zishaf the Human Wizard began the quest for the Orb.
     0 | D:1      | Reached XP level 1. HP: 13/13 MP: 4/4
   214 | D:1      | Reached XP level 2. HP: 16/19 MP: 6/6
   629 | D:1      | Reached XP level 3. HP: 24/24 MP: 7/7
  1222 | D:2      | Reached XP level 4. HP: 15/30 MP: 3/9
  1235 | D:2      | Learned a level 2 spell: Blink
  1238 | D:2      | Learned a level 2 spell: Call Imp
  1242 | D:2      | Learned a level 3 spell: Mephitic Cloud
  1848 | D:2      | Reached skill level 4 in Spellcasting
  2134 | D:3      | Reached XP level 5. HP: 27/35 MP: 6/11
  2207 | D:3      | Noticed Shittyoctopus's ghost (amateur BaGl)
  2317 | D:3      | Slain by Shittyoctopus's ghost

Skill      XL: |  1  2  3  4 |
---------------+-------------+-----
Spellcasting   | 4 |  4.1
Stealth        | 3 |  3.1
Dodging        | |  2.9
Conjurations   | |  1.5
Summonings     | |  1.0
Translocations | |  1.0

Action                   |  1- 3 |  4- 6 || total
-------------------------+-------+-------++-------
Melee: Dagger            |    58 |    82 ||   140
       Short sword       |     1 |       ||     1
       Unarmed           |     1 |       ||     1
 Cast: Magic Dart        |    13 |    12 ||    25
       Call Imp          |       |     5 ||     5
       Blink             |       |     1 ||     1
  Use: Potion            |       |     2 ||     2
 Stab: Sleeping          |     2 |     2 ||     4
       Distracted        |       |     1 ||     1
  Eat: Chunk             |     1 |     3 ||     4
Armor: Robe              |    18 |    28 ||    46
Dodge: Dodged            |    29 |    43 ||    72
Block: Buckler           |     7 |     6 ||    13
